AoeStats
← PZ|MBalu

Black Forest

509737484Analyzed
4v4 RM · 6d ago on Sep 27, 2026· 46m 57s· 8 players
Game mode
Random Map
Map size
Large (8 player)
Population
200
Speed
Normal
Resources
Standard
Victory
Conquest
Starting age
Dark Age
Ending age
Imperial Age
RankedLock teamsTeams togetherTeam positionsShared explorationLock speedFull tech treeHidden civsTurbo modeCheats
Victory
Defeat
🇭🇺 Khmer · Hungary
1272
+12
🇭🇺 Goths · Hungary
1253
+13
🇭🇺 Britons · Hungary
1236
+13
🇭🇺 Danes · Hungary
1176
+16
🇪🇸 Burmese · Spain
1243
-16
🇨🇦 Celts · Canada
1195
-14
🇳🇮 Poles · Nicaragua
1161
-13
🇨🇳 Britons · China
1121
-11
unclesam613
9:05 Loom
11:50 Feudal Age
16:34 Castle Age
14:36 Double-Bit Axe
16:03 Fishing Lines
17:49 Bow Saw
19:17 Wheelbarrow
18:39 Gillnets
18:37 Horse Collar
22:31 Heavy Plow
24:46 Hand Cart
24:24 Gold Mining
26:02 Gold Shaft Mining
30:16 Imperial Age
29:27 Stone Mining
31:06 Stone Shaft Mining
30:24 Onager
30:26 Heavy Scorpion
31:46 Siege Engineers
32:54 Siege Onager
32:58 Pikeman
33:39 Scale Mail Armor
34:09 Halberdier
35:32 Chain Mail Armor
36:02 Furor Celtica
36:12 Conscription
38:53 Elite Woad Raider
lord_blandon
0:28 Loom
14:17 Feudal Age
16:12 Double-Bit Axe
19:31 Horse Collar
23:45 Castle Age
22:19 Scale Barding Armor
22:15 Scale Mail Armor
22:34 Forging
25:31 Wheelbarrow
24:41 Town Watch
26:15 Heavy Plow
26:31 Bow Saw
27:23 Iron Casting
27:06 Chain Mail Armor
27:26 Chain Barding Armor
28:51 Town Patrol
31:08 Fletching
31:19 Padded Archer Armor
31:45 Hand Cart
35:20 Imperial Age
35:56 Fortified Wall
36:07 Ballistics
36:00 Murder Holes
小尚
10:37 Feudal Age
13:34 Double-Bit Axe
16:00 Castle Age
14:22 Horse Collar
17:21 Bow Saw
17:50 Wheelbarrow
21:10 Gold Mining
23:35 Gold Shaft Mining
27:48 Imperial Age
26:02 Hand Cart
26:07 Heavy Plow
26:32 Stone Mining
27:08 Fletching
27:48 Bodkin Arrow
28:16 Ballistics
28:28 Padded Archer Armor
29:31 Chemistry
30:47 Conscription
30:45 Loom
30:51 Elite Longbowman
31:38 Bracer
32:57 Yeomen
34:44 Two-Man Saw
34:49 Leather Archer Armor
35:25 Caravan
37:56 Hoardings
37:32 Murder Holes
38:50 Warwolf
40:46 Elite Skirmisher
Natsky
3:29 Loom
12:25 Feudal Age
12:34 Man-at-Arms
15:02 Arson
17:50 Fishing Lines
22:33 Castle Age
21:57 Forging
21:38 Fletching
24:39 Horse Collar
25:08 Caravan
31:20 Wheelbarrow
34:18 Imperial Age
32:28 Husbandry
32:38 Bloodlines
32:42 Scale Barding Armor
33:33 Iron Casting
33:09 Heavy Plow
33:21 Town Watch
34:38 Chain Barding Armor
34:31 Capped Ram
35:23 Gillnets
35:23 Elite Battle Elephant
36:22 Gold Mining
36:24 Capped Ram
40:05 Plate Barding Armor
40:31 Blast Furnace
39:32 Bodkin Arrow
40:24 Conscription
39:42 Light Cavalry
PZ|SlothKing
0:26 Loom
11:44 Feudal Age
16:59 Castle Age
15:04 Fletching
15:56 Double-Bit Axe
16:53 Horse Collar
24:07 Bow Saw
30:31 Imperial Age
28:40 Wheelbarrow
27:50 Town Watch
28:26 Bodkin Arrow
29:18 Heavy Plow
31:10 Padded Archer Armor
31:49 Yeomen
32:34 Conscription
32:45 Elite Longbowman
34:00 Bracer
34:15 Leather Archer Armor
34:19 Fortified Wall
36:34 Two-Man Saw
36:20 Warwolf
36:54 Ballistics
36:41 Siege Engineers
36:35 Pikeman
37:16 Squires
40:16 Ring Archer Armor
40:52 Chemistry
40:49 Hoardings
41:47 Halberdier
42:31 Scale Mail Armor
42:41 Forging
PZ|MBalu
13:04 Feudal Age
16:44 Castle Age
15:02 Double-Bit Axe
15:01 Horse Collar
18:17 Bow Saw
29:34 Imperial Age
27:03 Gold Mining
28:20 Gold Shaft Mining
30:45 Wheelbarrow
29:56 Northmen's Fury
30:01 Onager
32:25 Chemistry
31:51 Hand Cart
33:14 Fishing Lines
34:04 Heavy Plow
34:17 Siege Onager
36:49 Siege Engineers
PZ|Perfect Destroyer
3:00 Loom
13:19 Feudal Age
15:39 Double-Bit Axe
18:11 Castle Age
16:19 Gold Mining
16:58 Stone Mining
19:25 Bow Saw
19:32 Horse Collar
21:28 Wheelbarrow
25:10 Heavy Plow
26:37 Scale Mail Armor
26:47 Forging
30:30 Imperial Age
28:17 Chain Mail Armor
28:34 Hand Cart
29:08 Iron Casting
29:24 Anarchy
29:58 Pikeman
30:38 Squires
30:32 Elite Huskarl
32:20 Blast Furnace
31:59 Crop Rotation
31:52 Perfusion
PZ|ReDw1nG
2:56 Loom
13:00 Feudal Age
17:06 Castle Age
15:26 Double-Bit Axe
15:32 Horse Collar
16:18 Stone Mining
18:46 Bow Saw
23:31 Wheelbarrow
23:57 Heavy Plow
27:27 Hand Cart
27:34 Gold Mining
31:00 Imperial Age
30:01 Gold Shaft Mining
29:31 Husbandry
30:22 Bloodlines
30:42 Tusk Swords
30:59 Scale Barding Armor
31:08 Forging
32:01 Conscription
32:18 Chain Barding Armor
33:32 Iron Casting
35:27 Plate Barding Armor
35:54 Blast Furnace
35:59 Elite Battle Elephant
Connection lost

Rejoining the realm…

Still unreachable

The connection could not be restored.

Session expired

The server has moved on; the page needs a fresh start.